 Dungeon Crawl Stone Soup version 0.28-a0-178-ga708605c5b (webtiles) character file.

Game seed: 18060636713480472977

117 kuyyie the Skirmisher (level 4, -7/42 HPs)
             Began as a Minotaur Fighter on Aug 17, 2021.
             Was an Initiate of Qazlal.
             Mangled by Sigmund (11 damage)
             ... on level 2 of the Dungeon.
             The game lasted 00:06:36 (1343 turns).

kuyyie the Skirmisher (Minotaur Fighter)            Turns: 1343, Time: 00:06:36

Health: -7/42      AC:  6    Str: 22    XL:     4   Next: 71%
Magic:  3/3        EV:  7    Int:  5    God:    Qazlal [......]
Gold:   33         SH:  8    Dex:  9    Spells: 3/3 levels left

rFire   . . .      SeeInvis .   a - +0 war axe
rCold   . . .      Faith    .   c - +0 kite shield
rNeg    . . .      Spirit   .   b - +0 scale mail
rPois   .          Reflect  .   (helmet restricted)
rElec   .          Harm     .   (no cloak)
rCorr   .          Rampage  .   (no gloves)
Will    .....                   (no boots)
Stlth   ..........              (no amulet)
HPRegen 0.14/turn               (no ring)
MPRegen 0.08/turn               (no ring)

@: mighty
A: horns 2, retaliatory headbutt
a: Renounce Religion


You were on level 2 of the Dungeon.
You worshipped Qazlal.
Qazlal was noncommittal.
You visited 1 branch of the dungeon, and saw 2 of its levels.

You collected 33 gold pieces.

Inventory:

Hand Weapons
 a - a +0 war axe (weapon)
Missiles
 g - 53 stones (quivered)
Armour
 b - a +0 scale mail (worn)
 c - a +0 kite shield (worn)
Scrolls
 e - 2 scrolls of identify {unknown}
Potions
 f - a potion of brilliance {unknown}
 h - a potion of mutation {unknown}


   Skills:
 + Level 5.3 Fighting
 + Level 4.6 Axes
 - Level 3.6 Armour
 - Level 3.6 Shields


You had 3 spell levels left.
You didn't know any spells.
Your spell library was empty.

Dungeon Overview and Level Annotations

Branches:
Dungeon (2/15)

Altars:
Qazlal

Annotations:
D:2 exclusion: upstairs, Sigmund


Innate Abilities, Weirdness & Mutations

You have a pair of horns on your head.
You reflexively headbutt those who attack you in melee.


Message History

A jelly comes into view.
The jelly quivers.
The jelly hits you but does no damage.
You hit the jelly.
Your hands burn!
The jelly is moderately wounded.
You block the jelly's attack. The jelly barely misses you.
You furiously retaliate!
You headbutt the jelly. You hit the jelly. The acid corrodes you!
Your hands burn!
The jelly is severely wounded.
The jelly hits you.
You are splashed with acid!
You hit the jelly.
You kill the jelly!
Qazlal accepts your kill.
You start resting.
You are no longer corroded.
There is an open door here.
You start resting.
HP restored.
There is an open door here.
Sigmund shouts!
Sigmund's eyes start glowing with a red light.
You feel very mighty all of a sudden.
Sigmund hits you from afar with a +5 scythe.
You closely miss Sigmund. Sigmund casts a spell at you.
You are confused.
Sigmund points at you and mumbles some strange words.
You resist with some effort.
You barely miss Sigmund. Your headbutt misses Sigmund.
Sigmund hits you with a +5 scythe!
Sigmund hits you from afar with a +5 scythe!
Sigmund hits you from afar with a +5 scythe!
* * * LOW HITPOINT WARNING * * *
You feel less confused. Sigmund hits you with a +5 scythe!
* * * LOW HITPOINT WARNING * * *
You slash Sigmund!
Sigmund is heavily wounded.
Sigmund hits you with a +5 scythe!
You die...

#....# #....# #....# ### #....#
####### ##########..
#....######.....###........#..
######...............##..#...##....
#....+...............#..###.#.##...
#...##....#.._.........## ##.#.##..
#.......[.'......@....## #.#.##.
###.#####.#.......@#### #.#.##
#.#####.#........# #.#.#
###.#...†.#........# #.#.
...>.........####### #
#.###..#####.## #(#....#####..#
#...)..#...##.# ##.....#.#.##.#


You could see Sigmund.

Vanquished Creatures
  A jelly (D:2)
  Terence (D:2)
  2 adders (D:1)
  A worm (D:2)
  4 dart slugs
  2 ball pythons (D:1)
  2 endoplasms
  3 giant cockroaches (D:1)
  3 goblins (D:1)
  3 hobgoblins (D:2)
  A quokka (D:1)
  3 bats
  2 frilled lizards (D:1)
  4 kobolds
  5 rats (D:1)
37 creatures vanquished.

Notes
Turn   | Place    | Note
-------+----------+-------------------------------------------
     0 | D:1      | kuyyie the Minotaur Fighter began the quest for the Orb.
     0 | D:1      | Reached XP level 1. HP: 19/19 MP: 0/0
    68 | D:1      | Found a faded altar of an unknown god.
    97 | D:1      | Reached skill level 4 in Fighting
    97 | D:1      | Reached XP level 2. HP: 27/27 MP: 1/1
   502 | D:2      | Reached XP level 3. HP: 34/34 MP: 2/2
   626 | D:2      | Found a stormy altar of Qazlal.
   640 | D:2      | Became a worshipper of Qazlal Stormbringer
   705 | D:2      | Noticed Sigmund
   976 | D:2      | Noticed Terence
   984 | D:2      | Killed Terence
   985 | D:2      | Reached skill level 5 in Fighting
   985 | D:2      | Reached XP level 4. HP: 24/42 MP: 3/3
  1343 | D:2      | Mangled by Sigmund

Illustrated notes

Levels and vault maps discovered:
D:1:      minmay_arrival_glassed_features, layout_basic,
          shapermc_ecumenical_altar_starsandcircs, serial_glass,
          glass_columns_a, glass_columns_a, glass_columns_a, glass_columns_c,
          glass_columns_a
D:2:      minmay_inner_zag, layout_basic, basic_altar, uniq_jessica,
          uniq_sigmund, uniq_terence

Skill      XL: |  1  2  3 |
---------------+----------+-----
Fighting       | 4 5 |  5.3
Axes           | 3 4 |  4.6
Armour         | |  3.6
Shields        | |  3.6

Action                   |  1- 3 |  4- 6 || total
-------------------------+-------+-------++-------
Melee: War axe           |    88 |     6 ||    94
       Headbutt          |    11 |       ||    11
  Use: Potion            |       |     1 ||     1
Armor: Scale mail        |    36 |     1 ||    37
Dodge: Dodged            |    22 |     1 ||    23
Block: Kite shield       |    44 |     1 ||    45

Table legend: (Time is in decaauts)
 A = Elapsed time spent in this place.
 B = Non-inter-level travel time spent in this place.
 C = Inter-level travel time spent in this place.
 D = Time resting spent in this place.
 E = Time spent auto-exploring this place.
 F = Levels seen in this place.
 G = Mean time per level.
                   A        B        C        D        E       F      G
               +--------+--------+--------+--------+--------+-----+--------+
         Total |   1397 |   1348 |     49 |    516 |    306 |   2 |  698.5 |
       Dungeon |   1397 |   1348 |     49 |    516 |    306 |   2 |  698.5 |
               +--------+--------+--------+--------+--------+-----+--------+

Top non-repeatable levels by time:
     D:1: 812 daAuts
     D:2: 585 daAuts
